 Dungeon Crawl Stone Soup version 0.29.1-12-g30fa7ad0bf (webtiles) character file.

Game seed: 380223664174590320

1722 melloss the Covert (level 8, -1/33 (37) HPs)
             Began as a Spriggan Enchanter on Dec 22, 2022.
             Was an Initiate of Kikubaaqudgha.
             Slain by a vampire mosquito (9 damage)
             ... on level 7 of the Dungeon.
             The game lasted 00:31:19 (8930 turns).

melloss the Covert (Spriggan Enchanter)             Turns: 8930, Time: 00:31:19

HP:   -1/33 (37)    AC:  2    Str:  6    XL:     8   Next: 75%
MP:   13/13         EV: 18    Int: 17    God:    Kikubaaqudgha [......]
Gold: 487           SH:  7    Dex: 15    Spells: 8/12 levels left

rFire   . . .      SeeInvis +   G - +2 dagger (venom)
rCold   . . .      Faith    .   t - +0 buckler
rNeg    . . .      Spirit   .   b - +0 robe
rPois   .          Reflect  .   (helmet restricted)
rElec   .          Harm     .   B - scarf {+Inv}
rCorr   .          Rampage  .   (gloves unavailable)
Will    +....                   (boots unavailable)
Stlth   ++++......              (no amulet)
HPRegen 0.11/turn               (no ring)
MPRegen 0.13/turn               (no ring)

@: heavily drained, very quick
A: very small, no large weapons, unfitting armour, see invisible, speed 3
a: Renounce Religion, Evoke Invisibility


You were on level 7 of the Dungeon.
You worshipped Kikubaaqudgha.
Kikubaaqudgha was noncommittal.
You visited 2 branches of the dungeon, and saw 8 of its levels.

You collected 487 gold pieces.

Inventory:

Hand Weapons
 a - a +1 dagger of speed
 u - a +1 dagger
 D - a +4 short sword
 G - a +2 dagger of venom (weapon)
 H - a +1 shortbow of flaming
Missiles
 e - 42 stones
 g - 28 poisoned darts (quivered)
 x - a throwing net
Armour
 b - a +0 robe (worn)
 t - a +0 buckler (worn)
 w - +0 fire dragon scales
 B - a scarf of invisibility (worn)
 E - the +8 fire dragon scales "Fobb" {rF++ rC- Str+4}
   (You found it on level 5 of the Dungeon)

   Str:       It affects your strength (+4).
   rF:        It greatly protects you from fire.
   rC:        It makes you vulnerable to cold.
Magical Staves
 s - a staff of poison
 A - a staff of air
 C - a staff of death
Jewellery
 J - a +4 ring of protection
 K - a ring of ice
Wands
 I - a wand of charming (2)
Scrolls
 d - 6 scrolls of enchant weapon {unknown}
 h - a scroll of fog {unknown}
 l - 2 scrolls of teleportation {unknown}
 n - 7 scrolls of identify {unknown}
 o - a scroll of acquirement {unknown}
 q - a scroll of brand weapon {unknown}
 y - a scroll of enchant armour {unknown}
 z - a scroll of blinking {unknown}
Potions
 c - 3 potions of invisibility
 f - 3 potions of lignification
 i - a potion of ambrosia {unknown}
 j - a potion of resistance {unknown}
 k - 3 potions of curing {unknown}
 m - 4 potions of might {unknown}
 p - 2 potions of degeneration {unknown}
 r - 2 potions of berserk rage {unknown}
 v - 2 potions of heal wounds {unknown}
 F - 2 potions of mutation {unknown}
 L - 3 potions of brilliance {unknown}


   Skills:
 - Level 1.0 Fighting
 - Level 5.0 Short Blades
 - Level 4.1 Armour
 - Level 5.0 Dodging
 - Level 8.0 Stealth
 - Level 4.4 Shields
 - Level 2.6 Spellcasting
 - Level 3.6 Hexes
 + Level 1.6 Ice Magic
 + Level 0.0 Evocations


You had 8 spell levels left.
You knew the following spells:

 Your Spells              Type           Power      Damage    Failure   Level
a - Ensorcelled Hibernat  Hex/Ice        22%        N/A       19%         2
b - Blink                 Tloc           4%         N/A       45%         2

Your spell library contained the following spells:

 Spells                   Type           Power      Damage    Failure   Level
 Confusing Touch          Hex            14%        N/A       24%         3
 Tukima's Dance           Hex            14%        N/A       24%         3
 Apportation              Tloc           4%         N/A       34%         1
 Necrotise                Necr           8%         1d4       34%         1
 Summon Small Mammal      Summ           8%         N/A       34%         1
 Dazzling Flash           Conj/Hex       16%        N/A       45%         3
 Summon Guardian Golem    Hex/Summ       8%         N/A       45%         3
 Call Canine Familiar     Summ           2%         N/A       71%         3
 Lesser Beckoning         Tloc           2%         N/A       71%         3
 Vampiric Draining        Necr           2%         2d6       71%         3
 Metabolic Englaciation   Hex/Ice        5%         N/A       97%         5
 Petrify                  Tmut/Erth      2%         N/A       98%         4
 Agony                    Necr           2%         N/A       100%        5
 Fireball                 Conj/Fire      1%         3d3       100%        5
 Manifold Assault         Tloc           2%         N/A       100%        5
 Starburst                Conj/Fire      1%         6d3       100%        6
 Statue Form              Tmut/Erth      1%         N/A       100%        6
 Ignition                 Fire           1%         3d3       100%        8


Dungeon Overview and Level Annotations

Branches:
Dungeon (7/15)             Temple (1/1) D:7

Altars:
Ashenzari
Cheibriados
Dithmenos
Elyvilon
Fedhas
Gozag
Hepliaklqana
Kikubaaqudgha
Makhleb
Nemelex Xobeh
Okawaru
Qazlal
Ru
Sif Muna
Trog
Uskayaw
Wu Jian
Xom
Yredelemnul
Zin

Shops:
D:2 (   D:5 ?

Annotations:
D:7 Maggie


Innate Abilities, Weirdness & Mutations

You are very small and have problems with some larger weapons.
You are too small for most types of armour.
You have supernaturally acute eyesight. (SInv)
You cover ground extremely quickly. (Speed+++)


Message History

The phantom hits you.
There is a staircase to the Ecumenical Temple here.
You hit the phantom.
The phantom is lightly damaged.
The vampire mosquito buzzes angrily. x2
A centaur comes into view.
The centaur shouts!
The centaur wields a +0 shortbow.
The centaur shoots an arrow.
The arrow hits you.
Maggie the Vainglorious comes into view.
She is wielding a +0 glaive.
Maggie casts a spell.
Maggie attempts to bespell you! You resist with almost no effort.
The centaur shoots an arrow.
The arrow closely misses you.
The vampire mosquito closely misses you.
You block the vampire mosquito's attack.
You block the vampire mosquito's attack.
The vampire mosquito attacks as you move away!
The vampire mosquito misses you. x2; The phantom barely misses you.
The vampire mosquito bites you!
The vampire mosquito draws strength from your injuries!
The vampire mosquito attacks as you move away!
The vampire mosquito bites you.
The vampire mosquito draws strength from your injuries!
The vampire mosquito attacks as you move away!
The vampire mosquito bites you!
* * * LOW HITPOINT WARNING * * *
The vampire mosquito draws strength from your injuries!
The vampire mosquito attacks as you move away!
The vampire mosquito closely misses you.
The vampire mosquito attacks as you move away!
The vampire mosquito completely misses you.
The vampire mosquito attacks as you move away!
You block the vampire mosquito's attack.
The vampire mosquito barely misses you. The vampire mosquito misses you.
The vampire mosquito misses you.
There is a stone staircase leading up here.
The vampire mosquito bites you!
You die...
Kikubaaqudgha rasps: "You have failed me!
Welcome... death!"

#......>..........#.....
##...##....#..#....#.....
#...#..#....#....#..c...c
##.....#.#..#...###......
#....#...##W...# #......
#(....y.......## #......
#####......c...# #######
######.y.....## #####
#.....@y.....# ..Z..
#............## ##.^^##
#.......#.....# .^^^^
#[.~~~.......## .^.
#..~~~.......#### #+#
#..~~~......###.###.#
#..~~~..............###
....⌠.......##.##....#.
##............†.###.y<.


You could see 3 vampire mosquitoes, a phantom and a centaur.

Vanquished Creatures
  2 ogres
  3 centaurs
  A bullfrog (D:6)
  A necrophage (D:5)
  5 scorpions
  5 wights (D:6)
  2 hounds
  A gnoll bouda (D:6)
  2 orc priests
  6 iguanas
  2 orc wizards (D:6)
  8 adders
  8 gnolls
  A white imp (D:5)
  An ufetubus (D:5)
  4 worms
  2 dart slugs
  10 orcs
  6 ball pythons
  10 bats
  4 endoplasms
  2 giant cockroaches (D:2)
  5 goblins
  11 hobgoblins
  16 jackals
  A quokka (D:2)
  4 frilled lizards
  4 kobolds
  5 rats
132 creatures vanquished.

Notes
Turn   | Place    | Note
-------+----------+-------------------------------------------
     0 | D:1      | melloss the Spriggan Enchanter began the quest for the Orb.
     0 | D:1      | Reached XP level 1. HP: 9/9 MP: 5/5
   401 | D:1      | Reached skill level 5 in Stealth
   401 | D:1      | Reached XP level 2. HP: 6/13 MP: 6/6
   404 | D:1      | Learned a level 2 spell: Ensorcelled Hibernation
  1475 | D:1      | Reached XP level 3. HP: 9/16 MP: 1/8
  1873 | D:2      | Found Joetiul's Weapon Shop.
  2059 | D:2      | Reached skill level 6 in Stealth
  2609 | D:2      | Reached XP level 4. HP: 12/21 MP: 0/9
  3324 | D:3      | Learned a level 2 spell: Blink
  3638 | D:3      | Reached skill level 5 in Dodging
  3886 | D:3      | Reached skill level 7 in Stealth
  3886 | D:3      | Reached XP level 5. HP: 23/24 MP: 3/10
  4065 | D:3      | Found a snail-covered altar of Cheibriados.
  4418 | D:4      | Reached skill level 8 in Stealth
  4763 | D:4      | Reached skill level 1 in Fighting
  5114 | D:5      | Entered Level 5 of the Dungeon
  5132 | D:5      | Found a hide-covered altar of Uskayaw.
  5139 | D:5      | Reached XP level 6. HP: 30/30 MP: 8/11
  5143 | D:5      | Found an iron altar of Okawaru.
  5312 | D:5      | Reached skill level 1 in Shields
  5714 | D:5      | Reached skill level 5 in Short Blades
  5714 | D:5      | Reached XP level 7. HP: 33/33 MP: 12/12
  5924 | D:5      | Found Demacurgh's Magic Scroll Shop.
  6385 | D:5      | Identified the +8 fire dragon scales "Fobb" {rF++ rC-
                  | Str+4}
  6471 | D:6      | Reached skill level 1 in Armour
  6746 | D:6      | Reached XP level 8. HP: 35/37 MP: 13/13
  7752 | D:6      | Found a white marble altar of Elyvilon.
  7900 | D:6      | Reached skill level 1 in Ice Magic
  8554 | D:7      | Found a staircase to the Ecumenical Temple.
  8596 | D:7      | Found a basalt altar of Yredelemnul.
  8690 | Temple   | Entered the Ecumenical Temple
  8883 | Temple   | Became a worshipper of Kikubaaqudgha
  8912 | D:7      | Noticed Maggie
  8930 | D:7      | Slain by a vampire mosquito

Illustrated notes

Levels and vault maps discovered:
D:1:      dpeg_arrival_round_a, layout_basic, chequers_serial_rivers_micro_e,
          serial_bayou_crossing
D:2:      minmay_chambers_of_twos, layout_basic, serial_shops,
          nicolae_diamond_shop, minmay_circled_x
D:3:      layout_basic, cheibrodos_worm_habitat
D:4:      layout_rooms
D:5:      layout_loops_corners, jmf_multi_god_temple, serial_shops, shop,
          enter_ossuary_5, grunt_decor_resistance, kennysheep_small_circle
D:6:      layout_basic, old_standard_altar
D:7:      layout_cave_pools, yredelemnul_forgotten_temple_becter,
          minmay_temple_entry_mini_moons, serial_park, serial_park_paths
          [serial_park_minivault_5x5_7], serial_park_tiny_pond,
          serial_park_square3 [serial_park_minivault_5x5_3],
          minmay_shop_grid_forest, uniq_maggie
Temple:   hellmonk_temple_of_storms

Skill      XL: |  1  2  3  4  5  6  7  8 |
---------------+-------------------------+-----
Dodging        | 3 4 5 |  5.0
Stealth        | 5 6 7 8 |  8.0
Fighting       | 1 |  1.0
Short Blades   | 2 5 |  5.0
Shields        | 1 3 4 |  4.4
Armour         | 2 4 |  4.1
Ice Magic      | 1 |  1.6
Spellcasting   | |  2.6
Hexes          | |  3.6

Action                   |  1- 3 |  4- 6 |  7- 9 || total
-------------------------+-------+-------+-------++-------
Melee: Dagger            |   167 |   115 |    55 ||   337
       Punch             |     3 |       |     3 ||     6
       Short sword       |       |       |   102 ||   102
Throw: Dart              |       |     1 |    28 ||    29
 Cast: Ensorcelled Hiber |    29 |    30 |    36 ||    95
Evoke: Wand              |       |     2 |     6 ||     8
  Use: Potion            |       |       |     1 ||     1
 Stab: Sleeping          |    25 |    32 |    20 ||    77
       Distracted        |       |       |     1 ||     1
Armor: Robe              |    17 |     9 |     1 ||    27
       Fire dragon scale |       |     2 |    22 ||    24
       Skin              |       |       |     4 ||     4
Dodge: Dodged            |   168 |    71 |   114 ||   353
Block: Buckler           |       |     2 |    12 ||    14
